 Dungeon Crawl Stone Soup version 0.22-a0-558-gc224181 (webtiles) character file.

783909 Ghella the Conqueror (level 27, -7/402 HPs)
             Began as a Gargoyle Fighter on June 24, 2018.
             Was the Champion of Okawaru.
             Mangled by a red draconian knight
             ... wielding a +2 great sword of holy wrath
              (15 damage)
             ... on level 3 of the Realm of Zot on June 28, 2018.
             The game lasted 06:24:21 (99735 turns).

Ghella the Conqueror (Gargoyle Fighter)            Turns: 99735, Time: 06:24:22

Health: -7/402     AC: 36    Str: 34 (35) XL:     27
Magic:  27/27      EV:  2    Int: 13 (14) God:    Okawaru [******]
Gold:   5960       SH: 24    Dex: 14      Spells: 28/28 levels left

rFire    + + +     SeeInvis .   J - +8 demon whip of Drought {elec, rPois MR+ Int+4}
rCold    . . .     Gourm    .   O - +5 shield {reflect}
rNeg     + + +     Faith    .   (armour currently unavailable)
rPois    ∞         Spirit   .   (helmet currently unavailable)
rElec    +         Reflect  +   (cloak currently unavailable)
rCorr    .         Harm     .   (gloves currently unavailable)
MR       +++..     NoTele   +   (boots currently unavailable)
Stlth    ..........             m - amulet of regeneration
HPRegen  0.00/turn              w - ring of Xasepous {*Drain rF+++ Str+3 Int-2 Dex+2} (curse)
MPRegen  0.20/turn              t - ring "Wiwkaw" {+Fly rElec AC+3 Int+4 Stlth+}

@: berserking, tree-form, very slightly contaminated, hasted, invisible, very
quick
A: blurry vision 2, clumsy 1, deterioration 1, frail 1, negative energy
resistance 1, screaming 1, inhibited regeneration, weak 1, petrification
resistance, no potion heal 1, rot immunity, subdued magic 3, AC +20
}: 6/15 runes: decaying, slimy, silver, abyssal, demonic, gossamer
a: Heroism, Finesse, Renounce Religion


You were on level 3 of the Realm of Zot.
You worshipped Okawaru.
Okawaru was exalted by your worship.
You were hungry.
You were a tree.
You visited 12 branches of the dungeon, and saw 56 of its levels.
You visited Pandemonium 1 time, and saw 6 of its levels.
You visited the Abyss 8 times.
You also visited: Labyrinth and Bailey.

You collected 9622 gold pieces.
You spent 3662 gold pieces at shops.

Inventory:

Hand Weapons
 A - a +9 eveningstar of holy wrath
 J - the +8 demon whip of Drought (weapon) {elec, rPois MR+ Int+4}
   (Okawaru gifted it to you on level 1 of the Vaults)

   Occasionally, upon striking a foe, it will discharge some electrical energy
   and cause terrible harm.
   It affects your intelligence (+4).
   It protects you from poison.
   It affects your resistance to hostile enchantments.
Armour
 h - the +1 pair of gloves "Fachiczimil" (melded) {MP+9 Slay+3}
   (You bought it in a shop on level 6 of the Dungeon)

   It affects your accuracy and damage with ranged weapons and melee attacks
   (+3).
   It affects your magic capacity (+9).
 r - the +10 plate armour of Reason (melded) {rN+ MR- Int+4}
   (You bought it in a shop on level 7 of the Dungeon)

   It affects your intelligence (+4).
   It protects you from negative energy.
   It affects your resistance to hostile enchantments.
 y - the +2 pair of boots of Disappointment (melded) {rF+ rN+ Int-3}
   (Okawaru gifted it to you on level 12 of the Dungeon)

   It affects your intelligence (-3).
   It protects you from fire.
   It protects you from negative energy.
 I - the +1 cloak of Starlight (melded) {rElec rC+ EV+4 Stlth--}
   (You bought it in a shop on level 7 of the Dungeon)

   It affects your evasion (+4).
   It protects you from cold.
   It insulates you from electricity.
   It makes you much less stealthy.
 O - a +5 shield of reflection (worn)
 Z - a +1 helmet of see invisible
Jewellery
 c - an uncursed ring of ice
 l - an uncursed ring of protection from cold
 m - an amulet of regeneration (around neck)
 s - an uncursed ring of protection from magic
 t - the ring "Wiwkaw" (right branch) {+Fly rElec AC+3 Int+4 Stlth+}
   (You found it on level 5 of the Vaults)

   [ring of protection]

   It affects your AC (+3).
   It affects your intelligence (+4).
   It insulates you from electricity.
   It lets you fly.
   It makes you more stealthy.
 w - the cursed ring of Xasepous (left branch) {*Drain rF+++ Str+3 Int-2 Dex+2}
   (You found it on level 5 of the Pits of Slime)

   [ring of intelligence]

   It affects your strength (+3).
   It affects your intelligence (-2).
   It affects your dexterity (+2).
   It renders you almost immune to fire.
   It causes draining when unequipped.
   It has a curse placed upon it.
 N - an uncursed amulet of guardian spirit {unknown}
 P - a cursed ring of protection from cold
 S - the ring "Ruckoz" {Str+3 Dex+2}
   (You found it in a labyrinth)

   [ring of dexterity]

   It affects your strength (+3).
   It affects your dexterity (+2).
 X - a +4 ring of intelligence
Wands
 b - a wand of polymorph (88)
 k - a wand of digging (47)
 q - a wand of disintegration (71)
 B - a wand of random effects (37)
 E - a wand of acid (50)
 L - a wand of iceblast (41)
 M - a wand of clouds (4)
 T - a wand of enslavement (9)
 U - a wand of paralysis (90)
 V - a wand of scattershot (22)
 Y - a wand of flame (248)
Scrolls
 e - 4 scrolls of silence
 i - 27 scrolls of remove curse
 o - 4 scrolls of teleportation
 u - 8 scrolls of fear
 v - 10 scrolls of fog
 F - 2 scrolls of holy word
 G - 10 scrolls of magic mapping
 H - 4 scrolls of summoning
 K - a scroll of identify
 R - 4 scrolls of blinking
Potions
 a - 2 potions of cancellation
 d - 8 potions of might
 g - 6 potions of haste
 j - 12 potions of agility
 n - 17 potions of curing
 p - 6 potions of berserk rage
 x - a potion of invisibility
 z - 11 potions of brilliance
 C - 11 potions of magic
 D - 6 potions of ambrosia
 Q - 3 potions of resistance
 W - 13 potions of lignification
Comestibles
 f - 59 rations


   Skills:
 O Level 27 Fighting
   Level 14.3 Short Blades
 - Level 16.0 Maces & Flails
 - Level 1.4 Throwing
 - Level 19.6 Armour
 + Level 22.7 Dodging
 + Level 25.0 Shields
 - Level 1.5 Unarmed Combat
 - Level 1.4 Spellcasting
 - Level 6.1 Invocations
 - Level 1.4 Evocations


You had 28 spell levels left.
You didn't know any spells.
Your spell library contained the following spells:

 Spells                   Type           Power        Failure   Level  Hunger
 Cause Fear               Hex            #.........   90%         4    #####..
 Magic Dart               Conj           #...         16%         1    ##.....
 Apportation              Tloc           #.....       16%         1    ##.....
 Conjure Flame            Conj/Fire      #.......     50%         3    ####...
 Bolt of Cold             Conj/Ice       #.........   100%        6    #######
 Lightning Bolt           Conj/Air       #.........   99%         5    ######.
 Bolt of Magma            Conj/Fire/Erth #.........   99%         5    ######.
 Slow                     Hex            #.......     26%         2    ###....
 Confuse                  Hex            #.......     50%         3    ####...
 Throw Flame              Conj/Fire      #.....       26%         2    ###....
 Throw Frost              Conj/Ice       #.....       26%         2    ###....
 Controlled Blink         Tloc           N/A          100%        8    #######
 Freezing Cloud           Conj/Ice/Air   #.........   100%        6    #######
 Mephitic Cloud           Conj/Pois/Air  #.......     50%         3    ####...
 Ring of Flames           Chrm/Fire      #.........   100%        7    #######
 Teleport Other           Tloc           #.......     50%         3    ####...
 Summon Small Mammal      Summ           #...         16%         1    ##.....
 Lehudib's Crystal Spear  Conj/Erth      #.........   100%        8    #######
 Fire Storm               Conj/Fire      #.........   100%        9    #######
 Blink                    Tloc           N/A          26%         2    ###....
 Iskenderun's Mystic Bla  Conj           #.......     90%         4    #####..
 Animate Dead             Necr           N/A          90%         4    #####..
 Animate Skeleton         Necr           N/A          16%         1    ##.....
 Vampiric Draining        Necr           #.........   50%         3    ####...
 Freeze                   Ice            #...         16%         1    ##.....
 Ozocubu's Refrigeration  Ice            #.........   100%        6    #######
 Summon Ice Beast         Ice/Summ       #.......     90%         4    #####..
 Ozocubu's Armour         Chrm/Ice       #.......     50%         3    ####...
 Call Imp                 Summ           #.......     26%         2    ###....
 Dispel Undead            Necr           #.......     99%         5    ######.
 Poison Arrow             Conj/Pois      #.........   100%        6    #######
 Regeneration             Chrm/Necr      #.........   50%         3    ####...
 Sublimation of Blood     Necr           #.........   26%         2    ###....
 Tukima's Dance           Hex            #.......     50%         3    ####...
 Summon Demon             Summ           #.........   99%         5    ######.
 Corpse Rot               Necr           N/A          26%         2    ###....
 Iron Shot                Conj/Erth      #.........   100%        6    #######
 Recall                   Summ/Tloc      N/A          50%         3    ####...
 Spider Form              Tmut/Pois      #.........   50%         3    ####...
 Blade Hands              Tmut           #.........   99%         5    ######.
 Statue Form              Tmut/Erth      #........    100%        6    #######
 Ice Form                 Ice/Tmut       #.......     90%         4    #####..
 Death Channel            Necr           #.........   100%        6    #######
 Deflect Missiles         Chrm/Air       #.........   100%        6    #######
 Throw Icicle             Conj/Ice       #.......     90%         4    #####..
 Glaciate                 Conj/Ice       #.........   100%        9    #######
 Airstrike                Air            #.........   90%         4    #####..
 Shadow Creatures         Summ           N/A          100%        6    #######
 Confusing Touch          Hex            #.....       16%         1    ##.....
 Flame Tongue             Conj/Fire      #....        16%         1    ##.....
 Ignite Poison            Fire/Tmut/Pois #.......     50%         3    ####...
 Sticks to Snakes         Tmut           #.......     26%         2    ###....
 Call Canine Familiar     Summ           #.......     50%         3    ####...
 Ensorcelled Hibernation  Hex/Ice        #.....       26%         2    ###....
 Metabolic Englaciation   Hex/Ice        #.........   99%         5    ######.
 Silence                  Hex/Air        #.........   99%         5    ######.
 Shatter                  Erth           #.........   100%        9    #######
 Dispersal                Tloc           #.........   100%        6    #######
 Static Discharge         Conj/Air       #.......     50%         3    ####...
 Corona                   Hex            #......      16%         1    ##.....
 Sandblast                Erth           #.....       16%         1    ##.....
 Simulacrum               Ice/Necr       #.........   100%        6    #######
 Chain Lightning          Conj/Air       #.........   100%        8    #######
 Excruciating Wounds      Chrm/Necr      #.........   99%         5    ######.
 Portal Projectile        Hex/Tloc       #.....       50%         3    ####...
 Petrify                  Tmut/Erth      #.......     90%         4    #####..
 Passage of Golubria      Tloc           N/A          90%         4    #####..
 Malign Gateway           Summ/Tloc      #.........   100%        7    #######
 Tornado                  Air            #.........   100%        9    #######
 Leda's Liquefaction      Hex/Erth       #.........   90%         4    #####..
 Darkness                 Hex            #.........   100%        6    #######
 Shroud of Golubria       Chrm/Tloc      #.........   26%         2    ###....
 Aura of Abjuration       Summ           #.........   99%         5    ######.
 Beastly Appendage        Tmut           #.....       16%         1    ##.....
 Disjunction              Tloc           #.........   100%        8    #######
 Fulminant Prism          Conj/Hex       #.........   90%         4    #####..
 Dazzling Spray           Conj/Hex       #.....       50%         3    ####...
 Force Lance              Conj/Tloc      #.......     90%         4    #####..
 Infusion                 Chrm           #...         16%         1    ##.....
 Song of Slaying          Chrm           #.......     26%         2    ###....
 Spectral Weapon          Hex/Chrm       #.......     50%         3    ####...
 Searing Ray              Conj           #.....       26%         2    ###....
 Discord                  Hex            #.........   100%        8    #######
 Summon Forest            Summ/Tloc      #.........   99%         5    ######.
 Summon Lightning Spire   Summ/Air       #.......     90%         4    #####..
 Summon Guardian Golem    Hex/Summ       #.......     50%         3    ####...
 Summon Mana Viper        Hex/Summ       #.......     99%         5    ######.
 Gell's Gravitas          Tloc           #.........   50%         3    ####...
 Yara's Violent Unravell  Hex/Tmut       #.........   99%         5    ######.
 Lesser Beckoning         Tloc           #.........   50%         3    ####...
 Poisonous Vapours        Pois/Air       #.....       26%         2    ###....
 Ignition                 Fire           #.........   100%        8    #######
 Borgnjor's Vile Clutch   Necr/Erth      #.........   99%         5    ######.


Dungeon Overview and Level Annotations

Branches:
Dungeon (15/15)            Temple (0/1) D:5            Lair (6/6) D:9
  Swamp (4/4) Lair:4       Spider (4/4) Lair:4        Slime (5/5) Lair:5
    Orc (2/2) D:9             Elf (3/3) Orc:2        Vaults (5/5) D:13
  Crypt (3/3) Vaults:2       Tomb (0/3) Crypt:3      Depths (5/5) D:15
   Hell (1/1)                 Dis (0/7) Hell            Geh (0/7) Hell
    Coc (0/7) Hell            Tar (0/7) Hell            Zot (3/5) Depths:5

Altars:
Ashenzari
Cheibriados
Dithmenos
Fedhas
Kikubaaqudgha
Nemelex Xobeh
Okawaru
Qazlal
Trog
Vehumet
Wu Jian
Xom
Zin
Jiyva

Shops:
D:6 [(   D:7 [   D:11 [   Orc:2 :(!=   Elf:3 !   Depths:5 ?

Portals:
Hell: Depths:1 Depths:2 Depths:3 Depths:4 Depths:5
Abyss: Depths:4
Pandemonium: Depths:3 Depths:5
Ziggurat: Depths:4

Annotations:
D:12 1 runed door, Enug's ghost, journeyman BaFi
Depths:4 1 exclusion


Innate Abilities, Weirdness & Mutations

You are resistant to torment.
((Your stone body is resilient. (AC +20)))
You are immune to poison.
((Your large and strong wings let you fly indefinitely.))
You resist negative energy. (rN+)
((You are resistant to electric shocks. (rElec)))
((You can survive without breathing.))
You are immune to petrification.
You are immune to rotting.
((You have a pair of small antennae on your head.))
Scrolls take you longer to read.
You are clumsy. (Dex -2)
((Armour fits poorly on your strangely shaped body.))
Your body sometimes deteriorates upon taking damage.
You are frail. (-10% HP)
You occasionally shout uncontrollably at your foes.
You do not regenerate when monsters are visible.
You are weak. (Str -2)
Potions are less effective at restoring your health.
Your spells are much easier to cast, but much less powerful.


Message History

The yellow draconian is moderately wounded.
You block the purple draconian monk's attack. x2
The purple draconian monk tail-slaps you but does no damage.
Something hits you.
* * * LOW HITPOINT WARNING * * *
The yellow draconian hits you but does no damage.
The white draconian hits you but does no damage.
You thrash the moth of wrath!!
You kill the moth of wrath!
Okawaru accepts your kill.
Unknown command.
You whack the yellow draconian!
The yellow draconian is moderately wounded.
The yellow draconian hits you but does no damage.
Unknown command.
You strike the helpless storm dragon from behind!
You whack the storm dragon!
The storm dragon is lightly wounded.
Something hits you!
You die...

§§§#......+.........#
≈§##+#.#.##.........#
≈##....#.##.........#
.........##.#########
.......d......#############
.......####...'...........#
.......# #...#...........#
###....# #...#...........#
####.# ###.#d♣{........#
#.# #.#Ddd........# #.#
..#..q........# #.#
###.....[.....# #.#
#.....<.....# #....†......#
#...........# #############


You could see a purple draconian monk (berserk), a storm dragon (berserk), a
yellow draconian (berserk), a green draconian and a white draconian.

Vanquished Creatures
  the Royal Jelly (Slime:5)
  3 orbs of fire
  Mara (Vaults:2)
  A juggernaut (Depths:5)
  Saint Roka (Vaults:5)
  Bai Suzhen (Vaults:3)
  Margery (Vaults:4)
  A caustic shrike (Depths:4)
  4 pandemonium lords (Pan)
  8 golden dragons
  3 bone dragons
  Nikola (Vaults:2)
  Jory (Depths:3)
  A profane servitor (Abyss:2)
  Geryon (Hell)
  3 Tzitzimimeh (Pan)
  A hellephant (Pan)
  Jorgrun (Spider:4)
  12 tentacled monstrosities
  A shard shrike skeleton (Crypt:2)
  12 liches
  6 Ice Fiends (Pan)
  The ghost of Norchuf the Tortoise, an adept MiFi of the Shining One (Vaults:1)
  5 Hell Sentinels (Pan)
  33 acid blobs
  2 deep elf blademasters (Elf:3)
  Asterion (Vaults:3)
  5 titans (Vaults:5)
  8 Executioners
  4 death cobs
  7 tentacled starspawn
  A thorn hunter (Swamp:4)
  3 draconian monks
  3 ancient champions
  9 storm dragons
  Kirke (Spider:3)
  Murray (Depths:1)
  6 shadow dragons
  3 sphinxes
  2 revenants (Crypt:3)
  11 tengu reavers
  20 azure jellies
  An azure jelly (shapeshifter) (Vaults:5)
  Donald (Vaults:2)
  A draconian knight (Zot:2)
  Roxanne (Elf:1)
  An iron dragon (Vaults:5)
  A frost giant (shapeshifter) (Vaults:5)
  8 frost giants
  5 cacodemons
  6 ghost moths
  An emperor scorpion (shapeshifter) (Depths:4)
  2 orc warlords
  5 deep elf sorcerers
  8 fire giants
  6 warmongers (Pan)
  5 deep elf elementalists
  Aizul (D:15)
  18 vault wardens
  2 draconian shifters
  A ghost moth (shapeshifter) (Vaults:5)
  2 draconian scorchers
  4 balrugs (Pan)
  6 emperor scorpions
  3 ghouls
  2 curse skulls (Crypt:3)
  11 reapers
  4 war gargoyles
  A spriggan defender (Depths:4)
  3 draconian stormcallers
  9 draconian annihilators
  13 ironheart preservers
  3 blood saints (Pan)
  7 green draconians
  An entropy weaver (shapeshifter) (Vaults:4)
  14 stone giants
  9 vampire knights
  The ghost of Tac Ych the Spry, a journeyman SpBe of Trog (Depths:3)
  14 very ugly things
  A caustic shrike skeleton (Depths:2)
  6 corrupters (Pan)
  5 entropy weavers
  7 lorocyprocas
  8 deep elf demonologists
  8 black draconians
  6 white draconians
  Azrael (Orc:2)
  8 deep elf annihilators
  6 yellow draconians
  3 minotaurs
  5 purple draconians
  7 red draconians
  2 spark wasps
  3 black suns (Pan)
  7 eidola
  A mummy priest (Crypt:3)
  7 blizzard demons
  17 ettins
  12 deep elf death magi
  19 death oozes
  A crystal guardian (Abyss:1)
  8 green deaths
  12 fire dragons
  A merfolk javelineer (Depths:5)
  Josephine (D:14)
  A quicksilver dragon zombie (Crypt:1)
  15 ice dragons
  24 yaktaur captains
  6 deep elf high priests
  A merfolk impaler (Depths:4)
  7 monstrous demonspawn (Pan)
  2 naga warriors
  Fannar (D:10)
  4 rakshasas
  11 great orbs of eyes
  29 vault guards
  A hell beast (Pan)
  2 spriggan air magi (Depths:3)
  21 hydras
  The ghost of Goblin1989 the Carver, a journeyman DrFi of Hepliaklqana (D:9)
  A merfolk avatar (Lair:6)
  15 alligators
  13 centaur warriors
  7 tengu warriors
  14 ogre magi
  The ghost of Weugoj the Blocker, a journeyman OpIE of Gozag (Lair:1)
  41 two-headed ogres
  2 death knights
  A spectral frost giant (Crypt:3)
  10 deep troll earth magi
  A queen ant (Spider:4)
  30 dancing weapons
  8 deep troll shamans
  4 spriggan berserkers
  6 vampire magi
  7 hell hogs
  A storm dragon zombie (Crypt:3)
  2 titan zombies
  5 orc high priests (Orc:2)
  A spectral dire elephant (Crypt:3)
  9 thrashing horrors
  15 hell knights
  23 deep elf knights
  Sonja (D:14)
  2 iron golems (Hell)
  6 wretched stars
  18 sun demons
  15 soul eaters
  A fire crab (Abyss:3)
  9 sixfirhies
  15 shadow wraiths
  31 skeletal warriors
  25 deep trolls
  6 iron trolls
  2 sea snakes (Lair:6)
  3 shambling mangroves
  4 shadow demons
  5 spriggan druids
  7 torturous demonspawn (Pan)
  A swamp dragon (shapeshifter) (Depths:1)
  2 unseen horrors
  5 gelid demonspawn
  4 infernal demonspawn
  16 deep elf archers
  9 swamp dragons
  6 flayed ghosts
  An anaconda skeleton (Hell)
  6 glowing orange brains
  4 wizards
  3 anaconda zombies
  A death drake (shapeshifter) (Vaults:5)
  28 phantasmal warriors
  20 orc knights
  A shadow dragon zombie (Depths:2)
  Pikel (D:6)
  20 ugly things
  18 ironbrand convokers
  5 harpies (Vaults:5)
  An iron dragon zombie (Crypt:1)
  A wolf spider zombie (Crypt:1)
  68 deep elf magi
  A harpy (shapeshifter) (Vaults:2)
  A sphinx zombie (Crypt:2)
  An oklob plant (Lair:2)
  11 necromancers
  37 wolf spiders
  11 moths of wrath
  19 orb spiders
  A stone giant zombie (Crypt:1)
  4 shining eyes
  6 cyclopes
  8 orc sorcerers
  An elephant (shapeshifter) (Depths:1)
  A worldbinder (Abyss:2)
  A frost giant skeleton (Crypt:1)
  3 fauns (shapeshifter)
  12 rust devils
  An apocalypse crab (Abyss:4)
  A shadow dragon skeleton (Crypt:3)
  Maurice (D:8)
  3 fire giant skeletons
  A guardian serpent (shapeshifter) (D:13)
  14 elephants
  13 vault sentinels
  8 orange demons
  A toenail golem (Pan)
  45 smoke demons
  A molten gargoyle (Hell)
  An eye of devastation (Slime:4)
  A water nymph (shapeshifter) (Elf:1)
  5 black mambas
  A storm dragon simulacrum (Vaults:1)
  4 torpor snails
  A yellow draconian zombie (Crypt:1)
  2 gargoyles
  50 yaktaurs
  11 spiny frogs
  A spiny frog (shapeshifter) (Vaults:1)
  11 freezing wraiths
  37 demonic crawlers
  29 starcursed masses
  An emperor scorpion zombie (Crypt:1)
  An efreet (Abyss:3)
  4 hellions
  18 hellwings
  A komodo dragon (shapeshifter) (Vaults:4)
  A yaktaur (shapeshifter) (Vaults:2)
  A death yak zombie (Crypt:2)
  4 rime drakes
  5 ice devils
  8 komodo dragons
  10 tormentors
  6 guardian mummies (Crypt:3)
  6 ancient zymes
  A minotaur skeleton (Crypt:1)
  A hydra zombie (Crypt:3)
  8 red devils
  An anaconda simulacrum (Crypt:1)
  6 meliai
  A silent spectre (Abyss:3)
  38 jumping spiders
  5 polar bears (Lair:6)
  6 tengu conjurers
  A meliai (shapeshifter) (Depths:5)
  27 hornets
  3 trolls (shapeshifter)
  A white draconian skeleton (Crypt:3)
  A hydra skeleton (Crypt:1)
  A shadow dragon simulacrum (Crypt:3)
  A polar bear (shapeshifter) (Depths:3)
  8 bog bodies
  A wind drake (Lair:6)
  12 tyrant leeches
  2 hornets (shapeshifter)
  9 trolls
  A raiju (shapeshifter) (Depths:4)
  An alligator zombie (Hell)
  19 raiju
  16 blink frogs
  A wolf spider simulacrum (D:15)
  A fire dragon zombie (Crypt:1)
  11 hippogriffs
  2 spectral swamp dragons (Crypt:3)
  An ice dragon zombie (Crypt:1)
  18 dream sheep
  169 slime creatures
  A blink frog (shapeshifter) (Depths:5)
  An iron dragon simulacrum (Abyss:3)
  A meliai zombie (Crypt:1)
  38 large abominations
  A fire dragon skeleton (Crypt:1)
  15 flying skulls
  An ice dragon skeleton (Crypt:1)
  2 ettin skeletons
  A spriggan skeleton (Depths:2)
  58 redbacks
  26 ynoxinuls
  2 air elementals (Elf:1)
  4 vampires
  17 spriggans
  A tarantella (shapeshifter) (Vaults:1)
  An alligator skeleton (Hell)
  2 hogs (Spider:3)
  22 water elementals
  34 tarantellas
  5 wyverns
  2 shadows
  8 fire elementals
  15 wraiths
  Eustachio (D:5)
  2 humans (Spider:4)
  33 yaks
  A hog (shapeshifter) (D:15)
  6 hungry ghosts (Crypt:3)
  10 golden eyes
  2 basilisks (shapeshifter)
  A black mamba skeleton (Crypt:1)
  14 chaos spawn
  14 neqoxecs
  4 insubstantial wisps (Swamp:3)
  Menkaure (D:5)
  A naga (Abyss:3)
  21 vampire mosquitoes
  11 swamp worms
  A water nymph zombie (Crypt:3)
  3 wargs
  A hydra simulacrum (Hell)
  25 soldier ants
  Edmund (D:5)
  3 acid dragons
  A naga (shapeshifter) (Vaults:1)
  16 water moccasins
  A spiny frog zombie (Hell)
  8 porcupines
  5 hell hounds (Orc:2)
  2 spiny frog skeletons
  2 deep troll skeletons
  3 floating eyes
  3 ice beasts
  An ice beast (shapeshifter) (Vaults:1)
  An infernal demonspawn skeleton (Crypt:2)
  A snapping turtle zombie (Crypt:1)
  A black bear (shapeshifter) (Depths:2)
  59 orc warriors
  17 swamp drakes
  4 sky beasts
  A dream sheep zombie (Crypt:3)
  49 ogres
  6 necrophages
  A black bear (D:10)
  11 eyes of draining
  4 phantoms
  12 wolves
  10 boggarts
  16 centaurs
  2 elf simulacra
  11 crocodiles
  4 elf zombies (Elf:1)
  15 bullfrogs
  9 earth elementals
  A wyvern zombie (D:14)
  A troll zombie (Crypt:3)
  A queen bee zombie (Crypt:1)
  6 scorpions
  8 wights
  A polar bear skeleton (Crypt:2)
  17 killer bees
  A troll skeleton (Crypt:3)
  7 howler monkeys
  3 electric eels (D:12)
  7 crimson imps
  3 quasits
  2 centaur zombies
  2 bullfrog zombies
  5 jellies
  A basilisk zombie (Crypt:1)
  8 hounds
  45 orc priests
  A gnoll shaman (Orc:2)
  3 centaur skeletons
  3 iron imps
  A black bear skeleton (Crypt:3)
  2 bullfrog skeletons
  2 hell rats (Lair:3)
  6 iguanas
  29 worker ants
  23 orc wizards
  A porcupine zombie (Crypt:1)
  Terence (D:3)
  An acid dragon zombie (Crypt:2)
  An acid dragon skeleton (Crypt:3)
  An ogre skeleton (Crypt:1)
  19 small abominations
  A big kobold skeleton (Crypt:3)
  A hound zombie (D:10)
  A hound skeleton (D:4)
  A howler monkey zombie (Crypt:3)
  20 gnolls
  17 adders
  10 river rats (Lair:3)
  7 shadow imps
  3 white imps
  2 ufetubi
  6 oozes
  An adder skeleton (D:8)
  3 worms
  3 dart slugs
  7 leopard geckos
  117 orcs
  7 bats
  4 giant cockroaches
  16 hobgoblins
  9 jackals
  3 quokkas
  2 ball pythons
  A ball python zombie (Crypt:2)
  2 frilled lizards
  9 goblins
  17 kobolds
  A quokka zombie (D:5)
  6 rats
  A rat skeleton (Crypt:2)
  A briar patch (Swamp:4)
  2 bushes (Lair:2)
  A crawling corpse (Elf:3)
  A lurking horror (Abyss:3)
  7 starspawn tentacles (Abyss:2)
3242 creatures vanquished.

Vanquished Creatures (others)
  2 deep elf master archers (Elf:3)
  A draconian scorcher (Zot:1)
  A stone giant (Depths:3)
  A war gargoyle (Vaults:5)
  An ogre mage (Vaults:3)
  3 yaktaur captains
  A centaur warrior (Depths:1)
  A deep troll shaman (Depths:4)
  2 dancing weapons
  A shadow wraith (Vaults:3)
  A deep elf archer (Elf:3)
  A wizard (Depths:1)
  An ironbrand convoker (Vaults:3)
  A deep elf mage (Elf:1)
  10 yaktaurs
  2 hornets
  3 water elementals (Depths:4)
  A spriggan (Depths:4)
  2 humans
  2 ogres
  A centaur (Depths:1)
  A starcursed mass (Abyss:1)
  3 orc priests
  2 orc wizards
  A small abomination (Abyss:2)
  A worker ant (Spider:4)
  A white imp (Abyss:2)
  A ball lightning (Depths:5)
  5 orcs (Elf:1)
  A briar patch (Swamp:4)
  A crawling corpse (Elf:3)
  10 fungi
  A lurking horror (Abyss:3)
  20 plants
  28 starspawn tentacles
115 creatures vanquished.

Grand Total: 3357 creatures vanquished

Notes
Turn   | Place    | Note
-------+----------+-------------------------------------------
     0 | D:1      | Ghella the Gargoyle Fighter began the quest for the Orb.
     0 | D:1      | Reached XP level 1. HP: 14/14 MP: 1/1
   156 | D:1      | Reached XP level 2. HP: 18/19 MP: 2/2
   462 | D:1      | Upgraded the game from 0.22-a0-538-g76cc104 to 0.22-a0-542-gce4f928
   489 | D:1      | Reached XP level 3. HP: 24/24 MP: 3/3
   841 | D:2      | Reached skill level 4 in Fighting
   863 | D:2      | Reached XP level 4. HP: 30/30 MP: 4/4
   953 | D:2      | Found a snail-covered altar of Cheibriados.
  1019 | D:2      | Reached skill level 5 in Fighting
  1125 | D:2      | You fall through a shaft for 2 floors!
  1173 | D:4      | Noticed a phantom
  1197 | D:4      | Reached XP level 5. HP: 31/35 MP: 4/6
  1242 | D:4      | Killed a phantom
  1242 | D:4      | Reached skill level 1 in Throwing
  1242 | D:4      | Reached skill level 1 in Unarmed Combat
  1242 | D:4      | Reached skill level 1 in Spellcasting
  1242 | D:4      | Reached skill level 1 in Evocations
  1289 | D:4      | Reached XP level 6. HP: 40/40 MP: 8/8
  1498 | D:3      | Noticed Terence
  1512 | D:3      | Killed Terence
  1988 | D:4      | Noticed a phantom
  1995 | D:4      | Found an iron altar of Okawaru.
  2011 | D:4      | Became a worshipper of Warmaster Okawaru
  2025 | D:4      | Killed a phantom
  2491 | D:5      | Entered Level 5 of the Dungeon
  2559 | D:5      | Reached XP level 7. HP: 40/44 MP: 9/9
  2572 | D:5      | Found a staircase to the Ecumenical Temple.
  2572 | D:5      | Noticed Menkaure
  2579 | D:5      | Killed Menkaure
  2689 | D:5      | Reached * piety under Okawaru
  2698 | D:5      | Reached skill level 5 in Armour
  2722 | D:5      | Reached skill level 5 in Maces & Flails
  2913 | D:5      | Noticed Eustachio
  3087 | D:5      | Killed Eustachio
  3087 | D:5      | Reached XP level 8. HP: 49/49 MP: 10/10
  3114 | D:5      | Got a transparent ring mail
  3242 | D:5      | Noticed Edmund
  3282 | D:5      | Killed Edmund
  3282 | D:5      | Reached skill level 5 in Shields
  3314 | D:5      | Identified the +4 ring mail "Geliob" {*Slow +Blink Slay+6} (You found it on level 5 of the Dungeon)
  3429 | D:6      | Found Diammair's Weapon Boutique.
  3461 | D:6      | Reached ** piety under Okawaru
  3461 | D:6      | Reached skill level 6 in Fighting
  3497 | D:6      | Got a pitted dire flail
  3498 | D:6      | Identified the +9 dire flail of the Establishment {crush, +Inv Int+4} (You found it on level 6 of the Dungeon)
  3549 | D:6      | Reached skill level 7 in Fighting
  3632 | D:6      | Found a shadowy altar of Dithmenos.
  3707 | D:6      | Reached XP level 9. HP: 58/58 MP: 11/11
  3718 | D:6      | Found a shattered altar of Ashenzari.
  3805 | D:6      | Found Naggirr's Armour Boutique.
  3899 | D:6      | Noticed Pikel
  3912 | D:6      | Killed Pikel
  3912 | D:6      | Reached *** piety under Okawaru
  3912 | D:6      | Reached skill level 8 in Fighting
  4213 | D:7      | Reached skill level 9 in Fighting
  4467 | D:7      | Found a sparkling altar of Nemelex Xobeh.
  4556 | D:7      | Found Ivvul's Armour Boutique.
  4604 | D:7      | Found an ornate altar of the Wu Jian Council.
  4615 | D:7      | Found a blossoming altar of Fedhas.
  4617 | D:7      | Found a glowing silver altar of Zin.
  4617 | D:7      | Found a radiant altar of Vehumet.
  4618 | D:7      | Found a stormy altar of Qazlal.
  4631 | D:7      | You fall through a shaft for 2 floors!
  4631 | D:9      | Noticed a two-headed ogre
  4641 | D:9      | Killed a two-headed ogre
  4641 | D:9      | Received a gift from Okawaru
  4641 | D:9      | Reached **** piety under Okawaru
  4641 | D:9      | Reached skill level 10 in Fighting
  4739 | D:9      | Reached XP level 10. HP: 68/68 MP: 12/12
  4774 | D:8      | Noticed a two-headed ogre
  4842 | D:8      | Killed a two-headed ogre
  4842 | D:8      | Reached skill level 11 in Fighting
  5091 | D:8      | Noticed Maurice
  5261 | D:8      | Killed Maurice
  5452 | D:9      | Reached ***** piety under Okawaru
  5508 | D:9      | Received a gift from Okawaru
  5766 | D:9      | Found a runed door.
  5767 | D:9      | Noticed Goblin1989's ghost (journeyman DrFi)
  5799 | D:9      | Killed Goblin1989's ghost
  5799 | D:9      | Reached skill level 12 in Fighting
  5799 | D:9      | Reached XP level 11. HP: 61/76 MP: 6/13
  5840 | D:9      | Found an iron altar of Okawaru.
  5885 | D:9      | Received a gift from Okawaru
  6099 | D:9      | Reached skill level 1 in Dodging
  6138 | D:9      | Found a staircase to the Orcish Mines.
  6229 | D:9      | Found a staircase to the Lair.
  6674 | D:10     | Entered Level 10 of the Dungeon
  6842 | D:10     | Killed an unseen horror
  7063 | D:10     | Noticed Fannar
  7166 | D:10     | Killed Fannar
  7319 | D:11     | Found Ciriy's Armour Emporium.
  8182 | D:12     | Reached skill level 10 in Maces & Flails
  8704 | D:12     | Found a runed door.
  8708 | D:12     | Noticed Enug's ghost (journeyman BaFi)
  8711 | D:12     | Noticed a tengu reaver
  8731 | D:12     | Reached skill level 5 in Dodging
  8818 | D:12     | Received a gift from Okawaru
  8835 | D:12     | Reached XP level 12. HP: 70/82 MP: 14/14
  8856 | D:12     | Got a pair of shimmering boots {god gift}
  8857 | D:12     | Identified the +2 pair of boots of Disappointment {rF+ rN+ Int-3} (Okawaru gifted it to you on level 12 of the Dungeon)
  9147 | D:12     | Reached skill level 1 in Invocations
  9329 | Orc:1    | Entered Level 1 of the Orcish Mines
  9329 | Orc:1    | Noticed an orc warlord
  9357 | Lair:1   | Entered Level 1 of the Lair of Beasts
  9399 | Lair:1   | Found a runed gate.
  9399 | Lair:1   | Found a runed gate.
  9407 | Lair:1   | Found a runed gate.
  9408 | Lair:1   | Noticed Weugoj's ghost (journeyman OpIE)
  9408 | Lair:1   | Noticed a 12-headed hydra
  9480 | Lair:1   | Found a labyrinth entrance.
  9491 | Lab      | Entered a labyrinth
 10472 | Lab      | Noticed a minotaur
 10503 | Lab      | Killed a minotaur
 10507 | Lab      | Got a transparent marble ring
 10536 | Lab      | Got a fine lead ring
 10545 | Lab      | Identified the ring of Hitabiero {Ice Int+3 Dex+3} (You found it in a labyrinth)
 10546 | Lab      | Identified the ring "Ruckoz" {Str+3 Dex+2} (You found it in a labyrinth)
 10555 | Lair:1   | Upgraded the game from 0.22-a0-542-gce4f928 to 0.22-a0-553-g9358b0b
 12064 | Lair:2   | Noticed a four-headed hydra
 12078 | Lair:2   | Killed a four-headed hydra
 12843 | Lair:3   | Reached skill level 1 in Short Blades
 13006 | Lair:3   | Reached XP level 13. HP: 76/87 MP: 16/16
 13574 | Lair:4   | Found a staircase to the Swamp.
 13591 | Lair:4   | Found a hole to the Spider Nest.
 13716 | Lair:4   | Received a gift from Okawaru
 13767 | Lair:4   | Got a slimy arbalest {god gift}
 13771 | Lair:4   | Identified a scroll of acquirement
 13996 | Lair:4   | Reached skill level 5 in Invocations
 14287 | Lair:5   | Reached skill level 10 in Shields
 14733 | Lair:5   | Reached skill level 5 in Short Blades
 14737 | Lair:5   | Reached ****** piety under Okawaru
 14747 | Lair:5   | Received a gift from Okawaru
 15042 | Lair:5   | Found a staircase to the Slime Pits.
 15046 | Lair:5   | Found a viscous altar of Jiyva.
 15652 | Lair:6   | Entered Level 6 of the Lair of Beasts
 15800 | Lair:6   | Gained mutation: Your large and strong wings let you fly indefinitely. [Gargoyle growth]
 15800 | Lair:6   | Reached XP level 14. HP: 92/92 MP: 18/18
 16135 | Lair:5   | Received a gift from Okawaru
 16517 | Lair:6   | Got a spiked ring mail
 16528 | Lair:6   | Identified the cursed +0 ring mail "Egiczu Vouru" {rC+ Regen+ Str+3 Slay-4} (You found it on level 6 of the Lair of Beasts)
 17917 | D:13     | Found a flagged portal.
 17929 | Bailey   | Entered a bailey
 18131 | Bailey   | Reached skill level 10 in Armour
 18131 | Bailey   | Reached XP level 15. HP: 97/97 MP: 19/19
 18437 | D:13     | Found a gate to the Vaults.
 19072 | D:14     | Noticed Sonja
 19084 | D:14     | Killed Sonja
 19447 | D:14     | Noticed Josephine
 19461 | D:14     | Killed Josephine
 19754 | D:14     | Received a gift from Okawaru
 19764 | D:14     | Identified the +6 arbalest "Tailiviv" {freeze, Str+6} (Okawaru gifted it to you on level 4 of the Lair of Beasts)
 19837 | D:14     | Gained mutation: You are clumsy. (Dex -2) [potion of mutation]
 19837 | D:14     | Gained mutation: Your muscles are strong. (Str +2) [potion of mutation]
 19837 | D:14     | Lost mutation: You are clumsy. (Dex -2) [potion of mutation]
 19838 | D:14     | Lost mutation: Your muscles are strong. (Str +2) [potion of mutation]
 19838 | D:14     | Gained mutation: You have a pair of small antennae on your head. [potion of mutation]
 19838 | D:14     | Gained mutation: Your mind is acute. (Int +2) [potion of mutation]
 19839 | D:14     | Gained mutation: You have a somewhat thin skeletal structure. (Dex +2, Stealth) [potion of mutation]
 19839 | D:14     | Gained mutation: You possess an exceptional clarity of mind. [potion of mutation]
 19840 | D:14     | Lost mutation: You possess an exceptional clarity of mind. [potion of mutation]
 19840 | D:14     | Lost mutation: You have a pair of small antennae on your head. [potion of mutation]
 19840 | D:14     | Lost mutation: Your mind is acute. (Int +2) [potion of mutation]
 19840 | D:14     | Gained mutation: Your spells are a little harder to cast, but a little more powerful. [potion of mutation]
 19840 | D:14     | Gained mutation: You are partially covered in molten scales. (AC +2) [potion of mutation]
 19841 | D:14     | Lost mutation: You have a somewhat thin skeletal structure. (Dex +2, Stealth) [potion of mutation]
 19841 | D:14     | Lost mutation: You are partially covered in molten scales. (AC +2) [potion of mutation]
 19841 | D:14     | Gained mutation: You are dopey. (Int -2) [potion of mutation]
 19841 | D:14     | Gained mutation: Your muscles are strong. (Str +2) [potion of mutation]
 19841 | D:14     | Gained mutation: You can translocate small distances at will. [potion of mutation]
 19842 | D:14     | Lost mutation: Your spells are a little harder to cast, but a little more powerful. [potion of mutation]
 19842 | D:14     | Lost mutation: Your muscles are strong. (Str +2) [potion of mutation]
 19842 | D:14     | Gained mutation: You do not regenerate when monsters are visible. [potion of mutation]
 19842 | D:14     | Gained mutation: You are robust. (+10% HP) [potion of mutation]
 19842 | D:14     | Lost mutation: You are dopey. (Int -2) [potion of mutation]
 19843 | D:14     | Lost mutation: You do not regenerate when monsters are visible. [potion of mutation]
 19843 | D:14     | Lost mutation: You can translocate small distances at will. [potion of mutation]
 19843 | D:14     | Gained mutation: You are weak. (Str -2) [potion of mutation]
 19843 | D:14     | Gained mutation: Your mind is acute. (Int +2) [potion of mutation]
 19843 | D:14     | Gained mutation: Your flesh is cold resistant. (rC+) [potion of mutation]
 19844 | D:14     | Lost mutation: Your mind is acute. (Int +2) [potion of mutation]
 19844 | D:14     | Lost mutation: You are weak. (Str -2) [potion of mutation]
 19844 | D:14     | Gained mutation: You have large cloven feet. [potion of mutation]
 19844 | D:14     | Gained mutation: Your skin changes colour to match your surroundings (Stealth+). [potion of mutation]
 19902 | D:15     | Entered Level 15 of the Dungeon
 20010 | D:15     | Reached XP level 16. HP: 83/113 MP: 20/20
 20713 | D:15     | Received a gift from Okawaru
 20719 | D:15     | Found a staircase to the Depths.
 21248 | Depths:1 | Entered Level 1 of the Depths
 21250 | Depths:1 | Cast into level 2 of the Abyss (a wizard)
 21277 | Abyss:2  | Identified the Tome of the Birds
 21284 | Abyss:2  | Noticed a tentacled starspawn
 21291 | Abyss:2  | Killed a tentacled starspawn
 21392 | Abyss:2  | Found a corrupted altar of Lugonu.
 21421 | Abyss:2  | Received a gift from Okawaru
 21609 | Abyss:2  | Reached skill level 10 in Short Blades
 21619 | Depths:1 | Escaped the Abyss
 21953 | Spider:1 | Entered Level 1 of the Spider Nest
 22345 | Spider:1 | Reached skill level 10 in Dodging
 24464 | Spider:2 | Received a gift from Okawaru
 25396 | Spider:2 | Reached XP level 17. HP: 117/118 MP: 21/21
 27032 | Spider:3 | Identified Cadowunuf's Grimoire of the Entrancing Mountains
 27347 | Spider:4 | Entered Level 4 of the Spider Nest
 27383 | Spider:4 | Noticed Kirke
 27560 | Spider:4 | Received a gift from Okawaru
 27563 | Spider:4 | Got a pair of slimy boots {god gift}
 27586 | Spider:4 | Identified the +2 pair of boots of Wemotigae {rN+ Int+3} (Okawaru gifted it to you on level 4 of the Spider Nest)
 29005 | Spider:3 | Killed Kirke
 29011 | Spider:3 | Lost mutation: You are robust. (+10% HP) [potion of mutation]
 29011 | Spider:3 | Lost mutation: Your skin changes colour to match your surroundings (Stealth+). [potion of mutation]
 29011 | Spider:3 | Lost mutation: You have large cloven feet. [potion of mutation]
 29011 | Spider:3 | Gained mutation: You have sharp toenails. [potion of mutation]
 29011 | Spider:3 | Gained mutation: You are partially covered in rugged brown scales. (AC +1, +3% HP) [potion of mutation]
 29011 | Spider:3 | Gained mutation: Your muscles are strong. (Str +2) [potion of mutation]
 29011 | Spider:3 | Gained mutation: Your flesh is heat resistant. (rF+) [potion of mutation]
 29381 | Spider:4 | Noticed Jorgrun
 29388 | Spider:4 | Killed Jorgrun
 30378 | Spider:4 | Received a gift from Okawaru
 30488 | Spider:4 | Reached skill level 15 in Armour
 31294 | Spider:4 | Reached XP level 18. HP: 83/115 MP: 22/22
 32426 | Spider:4 | Got a gossamer rune of Zot
 32900 | D:6      | Bought the +1 pair of gloves "Fachiczimil" {MP+9 Slay+3} for 672 gold pieces
 33056 | D:7      | Bought the +10 plate armour of Reason {rN+ MR- Int+4} for 1237 gold pieces
 33298 | Lair:1   | Upgraded the game from 0.22-a0-553-g9358b0b to 0.22-a0-558-gc224181
 33409 | Swamp:1  | Entered Level 1 of the Swamp
 33462 | Swamp:1  | Noticed a tentacled monstrosity
 34049 | Swamp:1  | Killed a tentacled monstrosity
 34387 | Swamp:2  | Received a gift from Okawaru
 36618 | Swamp:4  | Entered Level 4 of the Swamp
 36645 | Swamp:4  | Received a gift from Okawaru
 37038 | Swamp:4  | Got a decaying rune of Zot
 37145 | Swamp:4  | Reached XP level 19. HP: 119/120 MP: 23/23
 38503 | Vaults:1 | Entered Level 1 of the Vaults
 38699 | Vaults:1 | Received a gift from Okawaru
 38935 | Vaults:1 | Paralysed by an ogre mage for 7 turns
 38957 | Vaults:1 | Received a gift from Okawaru
 39050 | Vaults:1 | Found a runed gate.
 39052 | Vaults:1 | Found a runed gate.
 39053 | Vaults:1 | Found a runed gate.
 39121 | Vaults:1 | Reached skill level 15 in Shields
 39570 | Vaults:1 | Received a gift from Okawaru
 39587 | Vaults:1 | Identified the +8 demon whip of Drought {elec, rPois MR+ Int+4} (Okawaru gifted it to you on level 1 of the Vaults)
 40321 | Vaults:1 | Found an iron altar of Okawaru.
 40321 | Vaults:1 | Noticed Norchuf's ghost (adept MiFi)
 40530 | Vaults:2 | Reached skill level 13 in Fighting
 40718 | Vaults:2 | Noticed Donald
 40735 | Vaults:2 | Killed Donald
 41082 | Vaults:2 | Found a staircase to the Crypt.
 41170 | Vaults:2 | Noticed Mara
 41174 | Vaults:2 | Noticed Ghella's illusion
 41203 | Vaults:2 | Killed Mara
 41203 | Vaults:2 | Reached XP level 20. HP: 112/127 MP: 24/24
 41305 | Vaults:2 | Received a gift from Okawaru
 41646 | Vaults:2 | Noticed Nikola
 41664 | Vaults:2 | Killed Nikola
 42743 | D:7      | Bought the +1 cloak of Starlight {rElec rC+ EV+4 Stlth--} for 623 gold pieces
 42743 | D:7      | Found the +1 cloak of Starlight {rElec rC+ EV+4 Stlth--}
 42962 | Lair:1   | Got a shimmering ruby amulet
 42963 | Lair:1   | Identified the amulet "Ufehacaj" {Faith Int-2 Dex+2 Stlth+} (You acquired it on level 1 of the Lair of Beasts)
 43038 | Lair:1   | Killed Weugoj's ghost
 43650 | Vaults:2 | Received a gift from Okawaru
 43730 | Vaults:3 | Cast into level 2 of the Abyss (a deep elf demonologist)
 43775 | Abyss:2  | Found an ancient bone altar of Kikubaaqudgha.
 43905 | Vaults:3 | Escaped the Abyss
 43924 | Vaults:3 | Reached skill level 14 in Fighting
 43991 | Vaults:3 | Noticed Asterion
 44422 | Vaults:3 | Killed Asterion
 44422 | Vaults:3 | Reached XP level 21. HP: 107/135 MP: 25/25
 44637 | Vaults:3 | Noticed Bai Suzhen
 44708 | Vaults:3 | Paralysed by an ogre mage for 5 turns
 45218 | Vaults:3 | Paralysed by a sphinx for 6 turns
 45231 | Vaults:3 | Received a gift from Okawaru
 45610 | Vaults:3 | Killed Bai Suzhen
 45969 | Vaults:3 | Paralysed by a sphinx for 5 turns
 47037 | Orc:2    | Entered Level 2 of the Orcish Mines
 47327 | Orc:2    | Found a staircase to the Elven Halls.
 47338 | Orc:2    | Paralysed by an orc sorcerer for 4 turns
 47673 | Orc:2    | Noticed Azrael
 47698 | Orc:2    | Killed Azrael
 47975 | Orc:2    | Received a gift from Okawaru
 48354 | Orc:2    | Found Naric's Jewellery Shop.
 48365 | Orc:2    | Found Xaderchu's Book Shop.
 48366 | Orc:2    | Found Miplupri's Antique Weapon Shop.
 48366 | Orc:2    | Found Benirei's Distillery.
 48376 | Orc:2    | Bought a potion of curing for 42 gold pieces
 48376 | Orc:2    | Bought a potion of curing for 42 gold pieces
 48376 | Orc:2    | Bought a potion of curing for 42 gold pieces
 48376 | Orc:2    | Bought 2 potions of curing for 84 gold pieces
 48376 | Orc:2    | Bought a potion of curing for 42 gold pieces
 48376 | Orc:2    | Bought 2 potions of might for 112 gold pieces
 48376 | Orc:2    | Bought a potion of resistance for 140 gold pieces
 48644 | Orc:1    | Found a bloodstained altar of Trog.
 48790 | Orc:1    | You are sucked into a shaft!
 49063 | Vaults:1 | Killed Norchuf's ghost
 49111 | Vaults:1 | Reached skill level 15 in Fighting
 49696 | Vaults:4 | Reached skill level 15 in Maces & Flails
 49704 | Vaults:4 | Reached XP level 22. HP: 143/144 MP: 26/26
 49855 | Vaults:4 | Received a gift from Okawaru
 50301 | Vaults:5 | Entered Level 5 of the Vaults
 50302 | Vaults:5 | Noticed Margery
 51091 | Depths:1 | Cast into level 2 of the Abyss (a wizard)
 51172 | Abyss:2  | Gained mutation: Your body sometimes deteriorates upon taking damage. [a neqoxec]
 51199 | Abyss:2  | Identified the +1 robe "Gumpoin" {MR+} (You found it on level 2 of the Abyss)
 51291 | Abyss:3  | Gained mutation: You tend to lose your temper in combat. [a cacodemon]
 51501 | Abyss:3  | Got an abyssal rune of Zot
 51571 | Depths:1 | Escaped the Abyss
 51808 | Depths:1 | Found a shimmering altar of Xom.
 51813 | Depths:1 | Noticed Aizul
 51857 | D:15     | Killed Aizul
 51932 | Depths:1 | Found a gateway to Hell.
 51972 | Depths:1 | Reached skill level 16 in Fighting
 52476 | Depths:2 | Received a gift from Okawaru
 52803 | Depths:2 | Paralysed by something for 6 turns
 52984 | Depths:2 | Identified the +10 scythe of Evolution {slice, rF+} (You found it on level 2 of the Depths)
 53092 | Depths:2 | Identified the cursed +1 halberd "Seff" {flame, Int+2} (You found it on level 2 of the Depths)
 53318 | Depths:2 | Paralysed by a vampire knight for 3 turns
 53338 | Depths:2 | Identified Sehoow's Papyrus of Shifting Clay
 53348 | Depths:2 | Identified Sif Muna's Volume of Fascination and Flames
 53743 | Depths:3 | Paralysed by something for 3 turns
 53799 | Depths:3 | Found a runed gate.
 53799 | Depths:3 | Found a runed gate.
 53799 | Depths:3 | Found a runed gate.
 53820 | Depths:3 | Reached XP level 23. HP: 117/152 MP: 27/27
 53822 | Depths:3 | Reached skill level 15 in Dodging
 53838 | Depths:3 | Reached skill level 17 in Fighting
 53949 | Depths:3 | Noticed Jory
 53963 | Depths:3 | Killed Jory
 54213 | Depths:3 | Received a gift from Okawaru
 54614 | Depths:3 | Noticed Tac Ych's ghost (journeyman SpBe)
 54689 | Depths:3 | Found a one-way gate leading to the halls of Pandemonium.
 55082 | Depths:3 | Killed Tac Ych's ghost
 55453 | Depths:4 | Reached skill level 18 in Fighting
 55494 | Depths:4 | Found a one-way gate to the infinite horrors of the Abyss.
 55516 | Depths:4 | Noticed a golden dragon
 55524 | Depths:4 | Paralysed by a lich for 3 turns
 55528 | Depths:4 | Noticed a caustic shrike
 55545 | Depths:4 | Killed a caustic shrike
 55550 | Depths:4 | Noticed a golden dragon
 55786 | Depths:3 | Lost mutation: Your muscles are strong. (Str +2) [potion of mutation]
 55786 | Depths:3 | Lost mutation: Your body sometimes deteriorates upon taking damage. [potion of mutation]
 55786 | Depths:3 | Lost mutation: Your flesh is cold resistant. (rC+) [potion of mutation]
 55786 | Depths:3 | Gained mutation: Your muscles are strong. (Str +2) [potion of mutation]
 55786 | Depths:3 | Gained mutation: Scrolls take you a little longer to read. [potion of mutation]
 55786 | Depths:3 | Gained mutation: Your muscles are very strong. (Str +4) [potion of mutation]
 55886 | Depths:4 | Killed a golden dragon
 55973 | Depths:4 | Received a gift from Okawaru
 56176 | Depths:4 | Cast into level 4 of the Abyss (a lich)
 56451 | Depths:4 | Escaped the Abyss
 57159 | Lair:5   | Identified the +1 cloak "Faruss" {rC- Int+3 Dex+5 Stlth+} (Okawaru gifted it to you on level 5 of the Lair of Beasts)
 57570 | Depths:4 | Reached XP level 24. HP: 164/164 MP: 27/27
 57622 | Depths:4 | Paralysed by a lich for 6 turns
 57634 | Depths:4 | Paralysed by a lich for 5 turns
 57642 | Depths:4 | Reached skill level 19 in Fighting
 58100 | Depths:4 | Found a gateway to a ziggurat.
 58620 | Depths:5 | Entered Level 5 of the Depths
 58795 | Depths:5 | Found a gate to the Realm of Zot.
 58964 | Depths:5 | Received a gift from Okawaru
 59065 | Depths:5 | Noticed a juggernaut
 59068 | Depths:5 | Received a gift from Okawaru
 59268 | Depths:5 | Killed a juggernaut
 59428 | Depths:5 | Got a twisted flail {god gift}
 59429 | Depths:5 | Identified the +5 flail "Veikig" {drain, rElec Str+2} (Okawaru gifted it to you on level 5 of the Depths)
 59541 | Depths:5 | Found Wusm's Magic Scroll Shop.
 59708 | Depths:5 | Bought a scroll of identify for 44 gold pieces
 59708 | Depths:5 | Bought a scroll of magic mapping for 77 gold pieces
 59708 | Depths:5 | Bought a scroll of identify for 44 gold pieces
 59708 | Depths:5 | Bought a scroll of identify for 44 gold pieces
 59708 | Depths:5 | Bought a scroll of identify for 44 gold pieces
 59708 | Depths:5 | Bought a scroll of holy word for 165 gold pieces
 61302 | Vaults:4 | Killed Margery
 61321 | Vaults:4 | Received a gift from Okawaru
 61339 | Vaults:4 | Reached skill level 20 in Fighting
 61568 | Vaults:5 | Received a gift from Okawaru
 61579 | Vaults:5 | Identified the +0 cloak of Diffebb {Dex+5} (Okawaru gifted it to you on level 5 of the Vaults)
 61672 | Vaults:5 | Reached XP level 25. HP: 140/173 MP: 27/27
 62061 | Vaults:5 | Identified the +6 whip "Matiar" {slash, rPois} (You found it on level 5 of the Vaults)
 62070 | Vaults:5 | Identified the +3 short sword of Linearity {pierce, rPois rF+ Int+8 Dex+2} (You found it on level 5 of the Vaults)
 62647 | Vaults:5 | Noticed Saint Roka
 62916 | Vaults:5 | Received a gift from Okawaru
 63108 | Vaults:5 | Got a flickering tin ring
 63245 | Vaults:5 | Identified the ring "Wiwkaw" {+Fly rElec AC+3 Int+4 Stlth+} (You found it on level 5 of the Vaults)
 63272 | Vaults:5 | Reached skill level 21 in Fighting
 63420 | Vaults:5 | Got a sparkling jade amulet
 63738 | Vaults:5 | Got a silver rune of Zot
 63768 | Vaults:5 | Identified the amulet "Miuloc" {Harm *Drain rElec Dex+4} (You took it off a deep elf knight on level 5 of the Vaults)
 63770 | Vaults:5 | Identified the +2 chain mail of Polish {rF+} (You found it on level 5 of the Vaults)
 63852 | Vaults:5 | Killed Saint Roka
 64145 | Vaults:5 | Reached XP level 26. HP: 182/182 MP: 27/27
 64196 | Vaults:5 | Identified the +3 battleaxe "Ciakh" {drain, *Corrode rC+ Dex+5} (You found it on level 5 of the Vaults)
 64284 | Vaults:5 | Received a gift from Okawaru
 64723 | Vaults:5 | Identified the +3 chain mail of Resonance {MR- Str+4 Int+4} (You found it on level 5 of the Vaults)
 64937 | Crypt:1  | Entered Level 1 of the Crypt
 65841 | Crypt:2  | Identified Sif Muna's Catalogue of Snow and Confrontation
 65864 | Crypt:2  | Found an ancient bone altar of Kikubaaqudgha.
 66455 | Crypt:3  | Entered Level 3 of the Crypt
 66460 | Crypt:3  | Received a gift from Okawaru
 66724 | Crypt:3  | Found a staircase to the Tomb.
 67092 | Crypt:3  | Identified the ring "Asyudorch" {rCorr Dex+2} (You acquired it on level 3 of the Crypt)
 67244 | Crypt:3  | Reached skill level 22 in Fighting
 67293 | Crypt:3  | Found an ancient bone altar of Kikubaaqudgha.
 67390 | Crypt:3  | Identified the ring "Loqar" {*Drain rElec rC+ Int+5 Stlth+} (You found it on level 3 of the Crypt)
 69080 | Depths:4 | Identified the +6 war axe of Leren {chop, rElec Str+4} (You found it on level 4 of the Depths)
 69081 | Depths:4 | Lost mutation: You have sharp toenails. [potion of mutation]
 69081 | Depths:4 | Lost mutation: You tend to lose your temper in combat. [potion of mutation]
 69081 | Depths:4 | Lost mutation: You are partially covered in rugged brown scales. (AC +1, +3% HP) [potion of mutation]
 69081 | Depths:4 | Lost mutation: Your flesh is heat resistant. (rF+) [potion of mutation]
 69081 | Depths:4 | Lost mutation: Your muscles are very strong. (Str +4) [potion of mutation]
 69081 | Depths:4 | Gained mutation: You are robust. (+10% HP) [potion of mutation]
 69597 | Elf:1    | Entered Level 1 of the Elven Halls
 69758 | Elf:1    | Gained mutation: Scrolls take you longer to read. [a shining eye]
 69969 | Elf:1    | Received a gift from Okawaru
 69994 | Elf:1    | Identified the +12 war axe of Todoum {pain, rF+++ Str-2 Int+6 Stlth-} (Okawaru gifted it to you on level 1 of the Elven Halls)
 70038 | Elf:1    | Noticed Roxanne
 70052 | Elf:1    | Killed Roxanne
 70053 | Elf:1    | Identified Roxanne's Catalogue of Transmutation (You took it off Roxanne on level 1 of the Elven Halls)
 70354 | Elf:1    | Identified the Handbook of Darkness
 70618 | Elf:1    | Reached XP level 27. HP: 195/204 MP: 27/27
 71066 | Elf:1    | Got a warped copper amulet
 71069 | Elf:1    | Identified the amulet of Odod {Gourm Str+4} (You acquired it on level 1 of the Elven Halls)
 71370 | Elf:2    | Found a runed gate.
 71370 | Elf:2    | Found a runed gate.
 71370 | Elf:2    | Found a runed gate.
 71683 | Elf:2    | Received a gift from Okawaru
 72138 | Elf:3    | Entered Level 3 of the Elven Halls
 72138 | Elf:3    | Found Cytaifask's Distillery.
 72151 | Elf:3    | Bought a potion of ambrosia for 104 gold pieces
 72151 | Elf:3    | Bought a potion of heal wounds for 65 gold pieces
 72151 | Elf:3    | Bought a potion of curing for 39 gold pieces
 72964 | Elf:3    | Cast into level 2 of the Abyss (a deep elf demonologist)
 72983 | Elf:3    | Escaped the Abyss
 73035 | Elf:3    | Reached skill level 23 in Fighting
 73217 | Elf:3    | Cast into level 3 of the Abyss (a deep elf sorcerer)
 73295 | Abyss:3  | Got a scorched glass ring
 73297 | Abyss:3  | Identified the ring of Miggeal {Dex+3 Stlth-} (You took it off a white draconian on level 3 of the Abyss)
 73432 | Elf:3    | Escaped the Abyss
 73548 | Elf:3    | Identified the Papyrus of Black Magic and Aid
 73557 | Elf:3    | Identified the Volume of Spatial Envenoming
 73568 | Elf:3    | Identified Sif Muna's Tome of the Escort
 74133 | Hell     | Entered the Vestibule of Hell
 74133 | Hell     | Noticed Geryon
 74134 | Hell     | Noticed Murray
 74321 | Depths:1 | Killed Murray
 74528 | Hell     | Killed Geryon
 74615 | Hell     | Received a gift from Okawaru
 74867 | Hell     | Cast into level 2 of the Abyss (hell knight)
 74940 | Abyss:2  | Got a pair of shimmering gloves
 74967 | Abyss:2  | Identified the +0 pair of gloves of the Dropbear {MR+ SInv} (You found it on level 2 of the Abyss)
 75264 | Abyss:2  | Gained mutation: You are clumsy. (Dex -2) [a neqoxec]
 75266 | Abyss:2  | Gained mutation: You do not regenerate when monsters are visible. [a neqoxec]
 75280 | Hell     | Escaped the Abyss
 75308 | Hell     | Found a gateway to the freezing wastes of Cocytus.
 75789 | Hell     | Found a gateway to the decaying netherworld of Tartarus.
 75926 | Hell     | Found a gateway to the ashen valley of Gehenna.
 76061 | Hell     | Found a gateway to the Iron City of Dis.
 76310 | Zot:1    | Entered Level 1 of the Realm of Zot
 76687 | Depths:5 | Received a gift from Okawaru
 77056 | Zot:1    | Reached skill level 24 in Fighting
 77782 | Zot:2    | Received a gift from Okawaru
 77992 | Zot:2    | Noticed an orb of fire
 78007 | Zot:2    | Lost mutation: Your muscles are strong. (Str +2) [an orb of fire]
 79008 | Slime:1  | Entered Level 1 of the Pits of Slime
 80353 | Slime:2  | Gained mutation: Your spells are a little easier to cast, but a little less powerful. [a shining eye]
 80361 | Slime:2  | Gained mutation: You are weak. (Str -2) [a shining eye]
 82292 | Slime:3  | Paralysed by a floating eye for 2 turns
 82299 | Slime:3  | Paralysed by a floating eye for 4 turns
 82982 | Slime:3  | Lost mutation: You are robust. (+10% HP) [a shining eye]
 84560 | Slime:5  | Entered Level 5 of the Pits of Slime
 84626 | Slime:5  | Paralysed by a floating eye for 2 turns
 84838 | Slime:4  | Received a gift from Okawaru
 85264 | Slime:5  | Received a gift from Okawaru
 85693 | Slime:5  | Identified the +2 pair of gloves of the Everdark {rElec Str+2 Int-4} (Okawaru gifted it to you on level 5 of the Pits of Slime)
 86137 | Slime:5  | Noticed the Royal Jelly
 86476 | Slime:5  | Reached skill level 25 in Fighting
 87144 | Slime:5  | Killed the Royal Jelly
 87551 | Slime:5  | Found the twisted robe
 87578 | Slime:5  | Got a coiled iron ring
 87581 | Slime:5  | Identified the Catalogue of Torrid Evil Rituals
 87622 | Slime:5  | Got a slimy rune of Zot
 87651 | Slime:5  | Identified the Almanac of Enchanting Enhancements
 87695 | Slime:5  | Identified the Almanac of Icy Weightlessness
 87754 | Slime:5  | Identified the +9 hand crossbow of Prudence {venom, +Inv rC+ Str-4} (You found it on level 5 of the Pits of Slime)
 87771 | Slime:5  | Identified the cursed ring of Xasepous {*Drain rF+++ Str+3 Int-2 Dex+2} (You found it on level 5 of the Pits of Slime)
 88790 | Pan      | Entered Pandemonium
 89241 | Pan      | Noticed Joer the pandemonium lord
 89260 | Pan      | Killed Joer the pandemonium lord
 89998 | Pan      | Gained mutation: You are frail. (-10% HP) [a neqoxec]
 90000 | Pan      | Gained mutation: You have a pair of small antennae on your head. [a neqoxec]
 90402 | Pan      | Received a gift from Okawaru
 90407 | Pan      | Identified the +2 flail "Hugg" {freeze, +Rage MR+ Dex+2} (Okawaru gifted it to you in Pandemonium)
 91183 | Pan      | Noticed Soopuepi the pandemonium lord
 91198 | Pan      | Paralysed by Soopuepi for 6 turns
 91703 | Pan      | Killed Soopuepi the pandemonium lord
 92003 | Pan      | Noticed Tiagim the pandemonium lord
 92033 | Pan      | Killed Tiagim the pandemonium lord
 92221 | Pan      | Received a gift from Okawaru
 92243 | Pan      | Identified the +2 scale mail "Qompoac" {rC++} (Okawaru gifted it to you in Pandemonium)
 92702 | Pan      | Got a demonic rune of Zot
 93449 | Pan      | Reached skill level 26 in Fighting
 93485 | Pan      | Noticed Doph the pandemonium lord
 93507 | Pan      | Gained mutation: Potions are less effective at restoring your health. [a neqoxec]
 94674 | Pan      | Killed Doph the pandemonium lord
 94674 | Pan      | Received a gift from Okawaru
 94939 | Pan      | Gained mutation: Your spells are easier to cast, but less powerful. [a neqoxec]
 95170 | Pan      | Gained mutation: Armour fits poorly on your strangely shaped body. [a neqoxec]
 95371 | Pan      | Gained mutation: Your spells are much easier to cast, but much less powerful. [a neqoxec]
 95628 | Pan      | Found an exit through the horrors of the Abyss.
 96369 | Pan      | Took an exit into the Abyss.
 96369 | Abyss:1  | Escaped into the Abyss
 96660 | Depths:3 | Escaped the Abyss
 97703 | Zot:2    | Noticed an orb of fire
 98367 | Zot:2    | Gained mutation: You occasionally shout uncontrollably at your foes. [an orb of fire]
 98380 | Zot:2    | Noticed an orb of fire
 98393 | Zot:3    | Killed an orb of fire
 98631 | Zot:3    | Killed an orb of fire
 98631 | Zot:3    | Received a gift from Okawaru
 98636 | Zot:3    | Identified the +1 rapier of Vowosumm {pierce, *Drain rPois rF++ Dex+5} (Okawaru gifted it to you on level 3 of the Realm of Zot)
 98988 | Zot:2    | Gained mutation: Your body sometimes deteriorates upon taking damage. [an orb of fire]
 98993 | Zot:2    | Killed an orb of fire
 99492 | Zot:3    | Reached skill level 27 in Fighting
 99534 | Zot:3    | Received a gift from Okawaru
 99551 | Zot:3    | Identified the +0 hat "Wienwu" {Int+3} (Okawaru gifted it to you on level 3 of the Realm of Zot)
 99728 | Zot:3    | HP: 7/268 [purple draconian monk (24)]
 99735 | Zot:3    | Mangled by a red draconian knight

Vault maps used:
D:1:      minmay_arrival_radiant_lines
D:2:      kennysheep_slug_shrine, chequers_ecumenical_altar_grove
D:3:      uniq_terence
D:4:      first_ration, okawaru_gym_becter
D:5:      minmay_temple_entry_purple_smoke, minmay_misc_feat_five,
          grunt_decor_arrowhead, uniq_eustachio, uniq_edmund, uniq_menkaure
D:6:      nicolae_ashenzari_panopticon, grunt_dithmenos_smoke, serial_shops,
          kennysheep_mini_moat, shop, uniq_pikel
D:7:      lemuel_coloured_pillars_altar, grunt_temple_overflow_open,
          serial_shops, nicolae_shop_waterfront, kennysheep_nub
D:8:      uniq_maurice
D:9:      nicolae_overflow_crystal_walls, lair_entry_dummy, hiddenorc2_lemuel,
          gammafunk_ghost_grave, hangedman_little_slice_of_home,
          grunt_ministairs_1
D:10:     uniq_fannar
D:11:     serial_glass, glass_columns_b, glass_columns_a, serial_shops, shop
D:12:     ebering_ghost_inner_flame, serial_bayou_ford_a
D:13:     david_vaults_2, enter_bailey_3
D:14:     hangedman_decor_points, roderic_lattice_a, uniq_sonja, uniq_josephine
D:15:     grunt_enter_depths_snipers, minivault_1
Lair:1:   lab_entry_generic, gammafunk_ghost_hydra_chop
Lair:2:   cheibrodos_lair_river_kwai, minmay_lair_oklob_bushes
Lair:3:   kennysheep_rathole
Lair:4:   swamp_mist, spider_nest_entry_webs, cheibrodos_lair_caveside_slide
Lair:5:   slime_altar_1, lemuel_fruit_tree
Lair:6:   gammafunk_lair_ancient_temple
Swamp:1:  nicolae_swamp_orc_logging_accident, swamp_pool3, hangedman_swamp_cone,
          infiniplex_staircase_pool
Swamp:2:  evilmike_swamp_ruin_house_3
Swamp:3:  evilmike_swamp_ruin_rubble_1
Swamp:4:  swamp, swamp_pool2
Spider:4: guppyfry_spider_rune, spider_trap, minivault_29, uniq_jorgrun,
          uniq_kirke
Slime:3:  nicolae_slime_pool
Slime:4:  nicolae_slime_round_cave
Orc:1:    trog_butcher_becter
Orc:2:    st_orc_pillars, uniq_azrael
Elf:1:    minmay_elf_arrival_circle, orc_legates, minmay_fountain_box,
          minmay_elf_necromancy, uniq_roxanne
Elf:3:    elf_hall_gauntlet_wide, serial_shops, nicolae_shop_crystal
Vaults:1: gammafunk_vaults_ghost_fury_of_okawaru,
          nicolae_vaults_windows_and_doors_thing, v_misc_11,
          vaults_mumra_bighexcomb, vaults_mumra_minichess,
          hangedman_vaults_unwind, v_rooms_4, v_misc_11,
          nicolae_vaults_little_squares_6, mu_enter_wizlab_4
Vaults:2: nicolae_vaults_little_squares_2, ontoclasm_vaults_spin,
          ontoclasm_vaults_pinch, minmay_crypt_entry_vampire_xt,
          grunt_vaults_trifunnel, v_rooms_2, nicolae_vaults_specimen_jars,
          v_misc_8, hangedman_vaults_maws, ontoclasm_vaults_fire_temple,
          v_misc_26, hangedman_vaults_slither, uniq_mara, uniq_donald,
          uniq_nikola
Vaults:3: nicolae_vaults_little_squares_1, hangedman_vaults_pinch,
          v_alt_pattern_6, nicolae_vaults_circle_grid_a,
          nicolae_vaults_mini_display_case, dpeg_vaults_waves,
          vaults_mumra_hexcomb, grunt_vaults_funnel, uniq_asterion,
          uniq_bai_suzhen
Vaults:4: vaults_room_large_hall, ontoclasm_vaults_ring_small, v_pattern_2,
          v_misc_10, grunt_vaults_hallway_long, vaults_room_octagon, v_rooms_4,
          grunt_vaults_hallway_short, vaults_dpeg_cross, vaults_room_door_hall,
          v_misc_22
Vaults:5: uniq_saint_roka, uniq_margery
Crypt:1:  minicrypt_bobbens
Crypt:2:  basic_altar, nicolae_crypt_small_crypt
Crypt:3:  church_of_pain_bobbens, tomb_entry_shell_bobbens, chequers_big_river,
          lemuel_nasty_fountain
Depths:1: hell_entry, kennysheep_path_1, xom_teletrap_fun, uniq_aizul
Depths:2: minmay_cut_squares, pf_hell_entry_tar_spiral, dk_noncrumbling_3
Depths:3: four-leaf_vault, hell_entry, grunt_pan_entry_spiral, minmay_holes,
          ebering_ghost_rock_garden, uniq_jory
Depths:4: minmay_bloctagon_deflated, enter_ziggurat_d, hell_entry,
          abyss_entry_small_statue_room, lemuel_freeze_loot_1
Depths:5: evilmike_zot_entry_round, serial_bayou_shore_a, serial_shops,
          shop_fountains, pan_entry, hangedman_coc_ice_floe,
          hangedman_stitches_earthworm
Zot:1:    grunt_megastairs_3
Zot:2:    stair_cage_open, st_stairs_11, lemuel_lake_of_fire
Zot:3:    grunt_zot_stairs_mandelzot, st_stairs_6
Abyss:2:  evilmike_abyss_exit_2, evilmike_abyss_exit_15, evilmike_abyss_exit_12
Abyss:3:  evilmike_abyss_rune_ettins, hangedman_elemental_corridor
Abyss:4:  bh_abyss_exit_spiral, evilmike_abyss_exit_chaos
Pan:      evilmike_mini_pan_corner, evilmike_mini_pan_corner,
          evilmike_mini_pan_T, pan_blood_fountain, evilmike_mini_pan_pillars_b,
          pan_blood_fountain, grunt_pan_spiral, nicolae_pan_lom_lobonic_2,
          rand_demon_4
Lab:      nicolae_lab_dead_adventurers
Bailey:   bailey_axe_2, bailey

Skill      XL: |  1  2  3  4  5  6  7  8  9 10 11 12 13 14 15 16 17 18 19 20 21 22 23 24 25 26 27 |
---------------+----------------------------------------------------------------------------------+-----
Fighting       | 4 5 7 10 12 13 14 15 16 18 20 21 22 27 | 27.0
Throwing       | 1 |  1.4
Unarmed Combat | 1 |  1.5
Spellcasting   | 1 |  1.4
Evocations     | 1 |  1.4
Maces & Flails | 3 6 8 10 11 13 15 16 | 16.0
Armour         | 4 5 6 7 8 10 11 13 15 16 18 19 | 19.6
Shields        | 4 5 6 8 9 10 11 12 13 14 15 16 18 19 25 | 25.0
Dodging        | 5 7 8 9 10 11 12 13 14 16 17 18 19 22 | 22.7
Invocations    | 4 6 |  6.1
Short Blades   | 1 6 8 9 11 12 14 | 14.3

Action                   |  1- 3 |  4- 6 |  7- 9 | 10-12 | 13-15 | 16-18 | 19-21 | 22-24 | 25-27 || total
-------------------------+-------+-------+-------+-------+-------+-------+-------+-------+-------++-------
Melee: Flail             |   105 |   268 |   257 |       |       |       |       |       |       ||   630
       Whip              |       |       |    89 |   873 |       |       |       |       |       ||   962
       Rapier            |       |       |       |   179 |   829 |  2217 |  1764 |  1295 |       ||  6284
       Punch             |       |       |       |       |       |     1 |       |       |       ||     1
       Unarmed           |       |       |       |       |       |     3 |       |       |       ||     3
       Eveningstar       |       |       |       |       |       |       |    87 |   356 |  2268 ||  2711
       Demon whip        |       |       |       |       |       |       |       |   274 |  2913 ||  3187
Throw: Javelin           |       |       |       |     1 |       |       |       |       |       ||     1
Invok: Heroism           |       |       |       |     4 |       |       |     2 |     4 |     2 ||    12
       Finesse           |       |       |       |     2 |       |       |     1 |       |     1 ||     4
 Abil: Stop Flying       |       |       |       |       |       |       |       |     1 |     3 ||     4
       Fly               |       |       |       |       |       |       |       |     1 |     2 ||     3
Evoke: Wand              |       |       |       |     4 |       |       |     1 |       |       ||     5
  Use: Scroll            |       |       |     5 |    20 |    14 |    14 |    23 |    15 |    49 ||   140
       Potion            |       |       |       |     2 |    15 |    10 |     3 |     2 |    26 ||    58
 Stab: Distracted        |       |       |       |       |       |     1 |       |     1 |       ||     2
       Invisible         |       |       |       |       |       |       |       |       |     1 ||     1
  Eat: Chunk             |       |     6 |     8 |    23 |    23 |    29 |    31 |    13 |    34 ||   167
       Ration            |       |       |       |     1 |       |     8 |     3 |     8 |    27 ||    47
Armor: Scale mail        |    45 |    95 |   106 |   384 |   373 |  1288 |       |       |       ||  2291
       Chain mail        |       |    55 |   101 |       |       |       |       |       |       ||   156
       Plate armour      |       |       |       |       |       |   314 |   610 |   785 |  1684 ||  3393
       Skin              |       |       |       |       |       |       |       |       |     7 ||     7
Dodge: Dodged            |    38 |    74 |    85 |   341 |   521 |  1771 |   699 |   979 |  2724 ||  7232
       Deflected         |       |       |       |     1 |    19 |    15 |    19 |       |       ||    54
Block: Shield            |    55 |   121 |   145 |   475 |   546 |  1603 |  1160 |  1670 |  4637 || 10412
       Reflection        |       |       |       |       |       |       |    52 |   107 |   125 ||   284

Table legend:
 A = Spawn XP
 B = Non-spawn XP
 C = Spawn XP percentage of total XP
 D = Spawn monster count
 E = Non-spawn monster count
 F = Spawn count percentage of total count
 G = Total turns spent on level
                    A         B        C        D         E        F      G
               +---------+---------+-------+---------+---------+-------+---------
         Total |  131987 | 1835495 |   6.7 |     207 |    3015 |   6.4 | 99735
               +---------+---------+-------+---------+---------+-------+---------
           D:1 |       0 |      36 |   0.0 |       0 |      21 |   0.0 |   835
           D:2 |       0 |      91 |   0.0 |       0 |      18 |   0.0 |   290
           D:3 |       0 |      93 |   0.0 |       0 |      19 |   0.0 |   675
           D:4 |       0 |     340 |   0.0 |       0 |      10 |   0.0 |   691
           D:5 |       0 |    1078 |   0.0 |       0 |      25 |   0.0 |   938
           D:6 |       0 |    1615 |   0.0 |       0 |      24 |   0.0 |   873
           D:7 |       0 |     424 |   0.0 |       0 |      17 |   0.0 |   678
           D:8 |       0 |    1904 |   0.0 |       0 |      14 |   0.0 |   570
           D:9 |       0 |    4999 |   0.0 |       0 |      80 |   0.0 |  2590
          D:10 |       0 |    3736 |   0.0 |       0 |      21 |   0.0 |  1260
          D:11 |       0 |    1803 |   0.0 |       0 |      26 |   0.0 |  1470
          D:12 |       0 |    5319 |   0.0 |       0 |      34 |   0.0 |  1447
          D:13 |       0 |    3303 |   0.0 |       0 |      18 |   0.0 |  1513
          D:14 |       0 |   13530 |   0.0 |       0 |      42 |   0.0 |  1042
          D:15 |       0 |   18702 |   0.0 |       0 |      40 |   0.0 |  2476
        Lair:1 |       0 |    3227 |   0.0 |       0 |       9 |   0.0 |  2764
        Lair:2 |       0 |    5425 |   0.0 |       0 |      25 |   0.0 |  1489
        Lair:3 |       0 |    3636 |   0.0 |       0 |      27 |   0.0 |  1176
        Lair:4 |       0 |    5926 |   0.0 |       0 |      20 |   0.0 |  1146
        Lair:5 |       0 |   11904 |   0.0 |       0 |      49 |   0.0 |  2192
        Lair:6 |       0 |   17674 |   0.0 |       0 |      56 |   0.0 |  1108
       Swamp:1 |       0 |   10976 |   0.0 |       0 |      24 |   0.0 |  1053
       Swamp:2 |       0 |   12662 |   0.0 |       0 |      34 |   0.0 |  1281
       Swamp:3 |       0 |   19549 |   0.0 |       0 |      40 |   0.0 |   971
       Swamp:4 |       0 |   22569 |   0.0 |       0 |      45 |   0.0 |  1021
      Spider:1 |       0 |   19083 |   0.0 |       0 |      49 |   0.0 |  2223
      Spider:2 |       0 |   20686 |   0.0 |       0 |      57 |   0.0 |  1447
      Spider:3 |       0 |   29160 |   0.0 |       0 |      69 |   0.0 |  4204
      Spider:4 |       0 |   43583 |   0.0 |       0 |     108 |   0.0 |  2821
       Slime:1 |       0 |   18043 |   0.0 |       0 |      30 |   0.0 |  2159
       Slime:2 |       0 |   21073 |   0.0 |       0 |      35 |   0.0 |  1688
       Slime:3 |       0 |   30270 |   0.0 |       0 |      43 |   0.0 |  1485
       Slime:4 |       0 |   30540 |   0.0 |       0 |      43 |   0.0 |  2074
       Slime:5 |       0 |   44504 |   0.0 |       0 |      44 |   0.0 |  1714
         Orc:1 |       0 |    5612 |   0.0 |       0 |      45 |   0.0 |   732
         Orc:2 |       0 |   17630 |   0.0 |       0 |     118 |   0.0 |  1355
         Elf:1 |       0 |   40106 |   0.0 |       0 |      71 |   0.0 |  1587
         Elf:2 |       0 |   34323 |   0.0 |       0 |      46 |   0.0 |  1054
         Elf:3 |       0 |   48104 |   0.0 |       0 |      51 |   0.0 |  1404
      Vaults:1 |       0 |   72653 |   0.0 |       0 |     109 |   0.0 |  2727
      Vaults:2 |       0 |   70212 |   0.0 |       0 |     108 |   0.0 |  2654
      Vaults:3 |       0 |   58828 |   0.0 |       0 |      66 |   0.0 |  2732
      Vaults:4 |       0 |   87665 |   0.0 |       0 |     120 |   0.0 |  1545
      Vaults:5 |       0 |  168737 |   0.0 |       0 |     128 |   0.0 |  3315
       Crypt:1 |       0 |   29972 |   0.0 |       0 |      54 |   0.0 |   842
       Crypt:2 |       0 |   15748 |   0.0 |       0 |      25 |   0.0 |   710
       Crypt:3 |       0 |   57829 |   0.0 |       0 |      97 |   0.0 |  1799
      Depths:1 |       0 |   39763 |   0.0 |       0 |      59 |   0.0 |  1734
      Depths:2 |       0 |   38069 |   0.0 |       0 |      54 |   0.0 |  1542
      Depths:3 |       0 |   50740 |   0.0 |       0 |      57 |   0.0 |  2293
      Depths:4 |       0 |   78750 |   0.0 |       0 |      80 |   0.0 |  2410
      Depths:5 |       0 |   73160 |   0.0 |       0 |      60 |   0.0 |  1818
          Hell |       0 |   56070 |   0.0 |       0 |      75 |   0.0 |  1017
         Zot:1 |       0 |   34935 |   0.0 |       0 |      18 |   0.0 |  1741
         Zot:2 |       0 |   53508 |   0.0 |       0 |      37 |   0.0 |  1316
         Zot:3 |       0 |   44064 |   0.0 |       0 |      18 |   0.0 |   809
       Abyss:1 |    7514 |    7346 |  50.6 |      15 |      10 |  60.0 |   291
       Abyss:2 |   30585 |   11345 |  72.9 |      42 |      24 |  63.6 |  1091
       Abyss:3 |   16857 |   18297 |  48.0 |      27 |      28 |  49.1 |   580
       Abyss:4 |   15513 |    2623 |  85.5 |      24 |      13 |  64.9 |   275
           Pan |   61518 |  189878 |  24.5 |      99 |     193 |  33.9 |  7579
           Lab |       0 |    1223 |   0.0 |       0 |       1 |   0.0 |  1062
        Bailey |       0 |     842 |   0.0 |       0 |      34 |   0.0 |   357
               +---------+---------+-------+---------+---------+-------+---------
